 Dungeon Crawl Stone Soup version 0.30-a0-618-gd6c86c23d0 (webtiles) character file.

Game seed: 7127929938507787548

28808 flotson the Fighter (level 13, -17/90 HPs)
             Began as a Demonspawn Delver on Jan 10, 2023.
             Was a High Priest of Hepliaklqana.
             Demolished by an elephant (35 damage)
             ... on level 4 of the Lair of Beasts.
             The game lasted 00:27:59 (13231 turns).

flotson the Fighter (Demonspawn Delver)            Turns: 13231, Time: 00:28:00

Health: -17/90     AC: 25    Str: 16    XL:     13   Next: 11%
Magic:  19/19      EV:  2    Int: 21    God:    Hepliaklqana [*****.]
Gold:   690        SH:  0    Dex: 14    Spells: 12/12 levels left

rFire   + . .      SeeInvis .    a - +12 trident "Onog" {flame, Will+ Int+7}
rCold   + . .      Faith    .    R - +0 kite shield
rNeg    . . .      Spirit   .    h - +0 chain mail {rF+}
rPois   .          Reflect  .    (no helmet)
rElec   .          Harm     .    x - +0 cloak
rCorr   .          Rampage  .    p - +2 pair of gloves
Will    +....                    S - +2 pair of boots Stlth
                                 (no amulet)
HPRegen 0.35/turn                w - ring of protection from cold
MPRegen 0.16/turn                b - +4 ring of protection

@: sleeping
A: reduced essence, yellow scales 2, powered by death 3, demonic touch 2
a: Renounce Religion, Recall Ancestor, Ancestor Identity, Transference, Idealise


You were on level 4 of the Lair of Beasts.
You worshipped Hepliaklqana.
Hepliaklqana was extremely pleased with you.
You visited 3 branches of the dungeon, and saw 15 of its levels.
You also visited: Bailey and Volcano.

You collected 1059 gold pieces.
You spent 369 gold pieces at shops.

Inventory:

Hand Weapons
 a - the +12 trident "Onog" (weapon) {flame, Will+ Int+7}
   (You bought it in a shop on level 6 of the Dungeon)

   Int:       It affects your intelligence (+7).
   Will:      It increases your willpower.
Missiles
 i - 4 throwing nets
 n - 10 boomerangs
 u - 22 poisoned darts
 C - 29 javelins (quivered)
Armour
 h - a +0 chain mail of fire resistance (worn)
 p - a +2 pair of gloves (worn)
 x - a +0 cloak (worn)
 z - +0 steam dragon scales
 R - a +0 kite shield (worn)
 S - a +2 pair of boots (worn)
Jewellery
 b - a +4 ring of protection (right hand)
 w - a ring of protection from cold (left hand)
 D - a ring of see invisible
Wands
 g - a wand of digging (3)
 y - a wand of flame (2)
 G - a wand of polymorph (13)
 L - a wand of charming (13)
 N - a wand of mindburst (6)
 O - a wand of roots (5)
Scrolls
 c - 5 scrolls of fog
 e - 2 scrolls of fear
 j - 3 scrolls of poison
 l - 6 scrolls of teleportation
 o - 3 scrolls of torment
 r - 2 scrolls of vulnerability {unknown}
 A - 3 scrolls of brand weapon {unknown}
 B - 3 scrolls of blinking {unknown}
 E - 2 scrolls of amnesia {unknown}
 F - 4 scrolls of summoning {unknown}
 J - 6 scrolls of enchant weapon
 K - a scroll of silence {unknown}
 M - a scroll of immolation {unknown}
Potions
 d - 2 potions of haste
 f - 2 potions of might
 k - 7 potions of curing
 m - 4 potions of degeneration
 q - a potion of ambrosia
 s - 4 potions of mutation
 t - 2 potions of flight
 v - 2 potions of lignification
 H - 5 potions of attraction
 I - 4 potions of heal wounds
 P - a potion of invisibility
 Q - 3 potions of resistance
Miscellaneous
 T - a phial of floods


   Skills:
 + Level 9.2 Fighting
 - Level 4.8(5.8) Axes
 + Level 4.8(5.8) Polearms
 + Level 7.7 Throwing
 + Level 7.9 Armour
 + Level 8.1 Dodging
 - Level 5.0 Stealth
 + Level 6.5 Shields
 - Level 8.0 Invocations
 + Level 8.4 Evocations


You had 12 spell levels left.
You didn't know any spells.
Your spell library contained the following spells:

 Spells                   Type           Power      Damage    Failure   Level
 Apportation              Tloc           0%         N/A       99%         1
 Necrotise                Necr           0%         1d4       99%         1
 Sting                    Tmut/Pois      0%         1d3       99%         1
 Summon Small Mammal      Summ           0%         N/A       99%         1
 Poisonous Vapours        Pois/Air       0%         N/A       100%        2
 Vhi's Electric Charge    Tloc/Air       0%         N/A       100%        3
 Olgreb's Toxic Radiance  Pois           0%         N/A       100%        4
 Arcjolt                  Conj/Air       0%         1d10      100%        5
 Fireball                 Conj/Fire      0%         3d3       100%        5
 Freezing Cloud           Conj/Ice/Air   0%         6-21      100%        5
 Iskenderun's Battlesphe  Conj           0%         2d6       100%        5
 Conjure Ball Lightning   Conj/Air       0%         3x3d6     100%        6
 Simulacrum               Ice/Necr       0%         N/A       100%        6
 Orb of Destruction       Conj           0%         9d5       100%        7
 Maxwell's Capacitive Co  Air            0%         ∞         100%        8
 Polar Vortex             Ice            0%         N/A       100%        9


Dungeon Overview and Level Annotations

Branches:
Dungeon (10/15)            Temple (1/1) D:6            Lair (4/5) D:9
 Shoals (0/4) Lair:2       Spider (0/4) Lair:2       Bailey (visited)
Volcano (visited)
  Slime: Lair:4-5       Orc: D:9-12

Altars:
Ashenzari
Cheibriados
Dithmenos
Fedhas
Gozag
Hepliaklqana
Kikubaaqudgha
Makhleb
Nemelex Xobeh
Okawaru
Qazlal
Ru
Sif Muna
Trog
Uskayaw
Vehumet
Wu Jian
Xom
Yredelemnul

Shops:
D:6 !*(([   D:10 *


Innate Abilities, Weirdness & Mutations

Your life essence is reduced to manifest your ancestor. (-10% HP)
You are mostly covered in yellow scales. (AC +3)
You regenerate a lot of health from kills.
Your touch may inflict irresistible damage on your foes.


Message History

The elephant tramples you!
You hold your ground!
The elephant closely misses you. You block the elephant's attack.
The elephant trunk-slaps you but does no damage.
Unknown command.
You hit the elephant. You burn the elephant.
The elephant is almost dead.
The dream sheep shake their wool and sparkle.
You feel drowsy...
You fall asleep.
The elephant tramples you but does no damage.
The elephant trunk-slaps you but does no damage.
The elephant tramples you!!
You wake up.
* * * LOW HITPOINT WARNING * * *
You hold your ground!
You block the elephant's attack.
The elephant tramples you but does no damage.
The elephant closely misses you. The elephant attacks as you move away!
The elephant barely misses you. The elephant trunk-slaps you.
* * * LOW HITPOINT WARNING * * *
As you read the scroll of fear, it crumbles to dust.
You assume a fearsome visage.
The cane toad looks frightened!
The elephant looks frightened! x2; The elephant easily resists.
The elephant resists with some effort.
The elephant looks frightened!
The dream sheep looks frightened!
A frightened dream sheep leaps away.
The dream sheep looks frightened!
The dream sheep bleats in terror.
The elephant tramples you!
* * * LOW HITPOINT WARNING * * *
You hold your ground!
The elephant completely misses you. The elephant attacks as you move away!
The elephant tramples you but does no damage.
The elephant trunk-slaps you but does no damage.
The elephant attacks as you move away!
The elephant tramples you but does no damage.
You block the elephant's attack. The elephant attacks as you move away!
You block the elephant's attack. x2
The dream sheep shake their wool and sparkle.
You feel drowsy...
You fall asleep.
The elephant tramples you!!
You die...

..## ..... ##.... #.#
###...... #P... ..#
##........ ##... #.#
####......... #.## #.#
#............. #### #.#
###.............# ####
##............... ##... ....
#............... ##.... ....
#......@.......####.....
.....
##...YY........##......#
.....##
#............##....#.##
.......
#..Y........###...####
.......##.Y........##.†.#..#
......†...Y...........†..###
...Y..†..#............#..#
...Y...###..#..##........#
....F†. ########..#.....#


You could see 3 elephants and 2 dream sheep.

Vanquished Creatures
  A hydra (Lair:3)
  A boulder beetle (Lair:1)
  A two-headed ogre (D:10)
  2 salamanders (Volcano)
  A merfolk siren (Lair:2)
  3 elephants (Lair:2)
  3 cane toads
  A torpor snail (Lair:3)
  An unseen horror zombie (D:9)
  2 rime drakes
  2 komodo dragons (Lair:4)
  A hornet (D:9)
  2 dream sheep (Lair:4)
  3 blink frogs (Lair:1)
  Sigmund (D:6)
  A wyvern (D:8)
  30 yaks
  A basilisk (Lair:4)
  A vampire mosquito (D:9)
  2 steam dragons
  A redback (Lair:2)
  6 water moccasins
  10 orc warriors
  A sky beast (D:8)
  3 ice beasts
  An ogre (D:5)
  3 wolves
  2 phantoms
  7 centaurs
  2 kobold brigands
  Blork the orc (D:6)
  3 necrophages
  3 bullfrogs
  A gnoll sergeant (D:9)
  4 scorpions
  4 wights
  12 killer bees
  2 howler monkeys (D:9)
  A human zombie (D:9)
  A jelly (D:7)
  Crazy Yiuf (D:3)
  4 iguanas
  13 orc wizards
  A killer bee zombie (D:9)
  3 mummies (D:9)
  A howler monkey zombie (D:9)
  7 gnolls
  11 adders
  2 shadow imps
  3 ufetubi
  2 worms
  3 dart slugs
  52 orcs
  12 ball pythons
  4 endoplasms
  6 giant cockroaches
  4 goblins
  7 hobgoblins
  11 jackals
  4 quokkas
  8 bats
  A frilled lizard (D:3)
  12 kobolds
  8 rats
308 creatures vanquished.

Vanquished Creatures (collateral kills)
  A hell knight (Volcano)
  A salamander mystic (Volcano)
  4 salamanders (Volcano)
  3 elephants (Lair:4)
  3 cane toads
  A kobold demonologist (D:10)
  A rime drake (Lair:1)
  A komodo dragon (Lair:3)
  A troll (D:10)
  A polar bear (Lair:2)
  A dream sheep (Lair:4)
  A blink frog (Lair:1)
  A wyvern (Lair:4)
  13 yaks
  A basilisk (Lair:3)
  2 vampire mosquitoes (D:9)
  6 water moccasins
  An ice beast (D:9)
  2 orc warriors (Bailey)
  5 centaurs
  3 wolves
  4 bullfrogs
  A killer bee (D:8)
  2 centaur zombies (D:9)
  2 orc wizards
  A gnoll (D:9)
  10 orcs
  2 goblins (D:10)
  4 kobolds
79 creatures vanquished.

Vanquished Creatures (others)
  10 battlemagi
  An ancestor (D:9)
  7 fungi
  8 plants
26 creatures vanquished.

Grand Total: 413 creatures vanquished

Notes
Turn   | Place    | Note
-------+----------+-------------------------------------------
     0 | D:5      | flotson the Demonspawn Delver began the quest for the Orb.
     0 | D:5      | Reached XP level 1. HP: 18/18 MP: 1/1
    13 | D:5      | Noticed an orc wizard
    70 | D:4      | Noticed a phantom
   240 | D:2      | Gained mutation: You regenerate a little health from kills.
                  | [demonic ancestry]
   240 | D:2      | Reached XP level 2. HP: 21/24 MP: 2/2
   426 | D:1      | Reached XP level 3. HP: 29/29 MP: 3/3
   841 | D:1      | Found a faded altar of an unknown god.
   845 | D:1      | Reached skill level 1 in Armour
   845 | D:1      | Reached skill level 1 in Evocations
  1218 | D:2      | Gained mutation: Your touch may inflict minor irresistible
                  | damage on your foes. [demonic ancestry]
  1218 | D:2      | Reached XP level 4. HP: 21/35 MP: 4/4
  2026 | D:3      | Found a shadowy altar of Dithmenos.
  2267 | D:3      | Reached skill level 1 in Throwing
  2275 | D:3      | Reached XP level 5. HP: 42/42 MP: 5/5
  2308 | D:3      | Reached skill level 5 in Stealth
  2331 | D:3      | Found a burning altar of Makhleb.
  2748 | D:3      | Found a runed translucent door.
  2749 | D:3      | Noticed Crazy Yiuf
  2759 | D:3      | Killed Crazy Yiuf
  2895 | D:4      | Found an ornate altar of the Wu Jian Council.
  2971 | D:4      | Killed a phantom
  2972 | D:4      | Reached skill level 4 in Fighting
  2972 | D:4      | Reached XP level 6. HP: 42/48 MP: 6/6
  3580 | D:4      | Found a shimmering blue altar of Sif Muna.
  3886 | D:5      | Gained mutation: You regenerate health from kills. [demonic
                  | ancestry]
  3886 | D:5      | Reached XP level 7. HP: 55/55 MP: 7/7
  4069 | D:5      | Found a basalt altar of Yredelemnul.
  4132 | D:5      | Found a shimmering altar of Xom.
  4214 | D:5      | Found a sacrificial altar of Ru.
  4278 | D:5      | Found a broken altar of Ashenzari.
  4457 | D:5      | Found a sparkling altar of Nemelex Xobeh.
  4770 | D:6      | Found a staircase to the Ecumenical Temple.
  4776 | Temple   | Entered the Ecumenical Temple
  4877 | D:6      | Found Ynoler's Weapon Shop.
  4888 | D:6      | Found Oluaqyet's Assorted Antiques.
  4899 | D:6      | Bought an emerald potion for 19 gold pieces
  4899 | D:6      | Bought a metallic purple potion for 19 gold pieces
  4899 | D:6      | Bought a scroll labelled COCLAX OGARRYQ for 22 gold pieces
  4899 | D:6      | Bought a scroll labelled JODECL ADGHU for 22 gold pieces
  4899 | D:6      | Bought a scroll labelled NOEMYSE GISANY for 22 gold pieces
  4899 | D:6      | Bought a scroll labelled XIRAFIO TARAO for 22 gold pieces
  5007 | D:6      | Reached skill level 5 in Fighting
  5007 | D:6      | Gained mutation: You regenerate a lot of health from kills.
                  | [demonic ancestry]
  5007 | D:6      | Reached XP level 8. HP: 27/62 MP: 8/8
  5109 | D:6      | Found Woacuag's Distillery.
  5128 | D:6      | Bought a potion of degeneration for 14 gold pieces
  5236 | D:6      | Noticed Blork the orc
  5245 | D:6      | Killed Blork the orc
  5310 | D:6      | Found Firinun's Antique Weapon Shoppe.
  5315 | D:6      | Bought a faintly glowing trident for 229 gold pieces
  5315 | D:6      | Identified the +12 trident "Onog" {flame, Will+ Int+7} (You
                  | bought it in a shop on level 6 of the Dungeon)
  5353 | D:6      | Found Zempofruwe's Armour Boutique.
  5417 | D:6      | Noticed Sigmund
  5424 | D:6      | Killed Sigmund
  5462 | D:6      | Reached skill level 1 in Shields
  5632 | D:6      | Found a hazy altar of Hepliaklqana.
  5637 | D:6      | Became a worshipper of Hepliaklqana the Forgotten
  5739 | D:7      | Found a hide-covered altar of Uskayaw.
  5741 | D:7      | Found a stormy altar of Qazlal.
  5743 | D:7      | Found an iron altar of Okawaru.
  5823 | D:7      | Reached skill level 1 in Invocations
  6306 | D:7      | Gained mutation: Your touch may inflict irresistible damage
                  | on your foes. [demonic ancestry]
  6306 | D:7      | Reached XP level 9. HP: 69/69 MP: 10/10
  6402 | D:8      | Reached * piety under Hepliaklqana
  6509 | D:8      | Reached skill level 6 in Fighting
  6509 | D:8      | Reached skill level 5 in Dodging
  6605 | D:8      | Reached skill level 5 in Evocations
  7062 | D:9      | Noticed a rime drake
  7123 | D:9      | Reached skill level 5 in Armour
  7125 | D:9      | Killed a rime drake
  7143 | D:9      | Gained mutation: You are partially covered in yellow
                  | scales. (AC +2) [demonic ancestry]
  7143 | D:9      | Reached XP level 10. HP: 66/69 MP: 13/13
  7160 | D:9      | Found a staircase to the Lair.
  7244 | D:9      | Reached skill level 5 in Throwing
  7245 | D:9      | Paralysed by a hornet for 1 turns
  7276 | D:9      | Reached ** piety under Hepliaklqana
  7277 | D:9      | Remembered your ancestor Amnanu as a battlemage
  7593 | D:9      | Found an ancient bone altar of Kikubaaqudgha.
  7618 | D:9      | Reached skill level 5 in Invocations
  7632 | D:9      | Reached skill level 7 in Fighting
  7793 | D:10     | Entered Level 10 of the Dungeon
  7840 | D:10     | Found a flagged portal.
  7848 | D:10     | Noticed a two-headed ogre
  7854 | D:10     | Killed a two-headed ogre
  7891 | Bailey   | Entered a bailey
  8129 | Bailey   | Reached XP level 11. HP: 69/75 MP: 15/15
  8152 | Bailey   | Identified the +3 triple sword of Imbalance {vamp, rCorr}
  8523 | D:10     | Found Zoheh's Changing Room.
  8568 | D:10     | Reached *** piety under Hepliaklqana
  8934 | Lair:1   | Entered Level 1 of the Lair of Beasts
  8939 | Lair:1   | Noticed a boulder beetle
  9159 | Lair:1   | Found a dark tunnel.
  9168 | Volcano  | Entered a volcano
  9341 | Volcano  | Noticed a salamander mystic
  9344 | Volcano  | Found a burning altar of Makhleb.
  9348 | Volcano  | Killed a salamander mystic
  9349 | Volcano  | Reached skill level 1 in Polearms
  9349 | Volcano  | Noticed a hell knight
  9457 | Volcano  | Killed a hell knight
  9475 | Volcano  | HP: 2/77 [salamander/arrow (2)]
  9856 | Lair:1   | Reached skill level 8 in Fighting
  9945 | Lair:1   | Reached **** piety under Hepliaklqana
  9952 | Lair:1   | Reached skill level 5 in Shields
 10067 | Lair:1   | Found a hide-covered altar of Uskayaw.
 10068 | Lair:1   | Found an ornate altar of the Wu Jian Council.
 10154 | Lair:1   | Reached XP level 12. HP: 83/83 MP: 17/17
 10199 | Lair:1   | Killed a boulder beetle
 11118 | Lair:2   | Found a hole to the Spider Nest.
 11354 | Lair:2   | Found a staircase to the Shoals.
 11778 | Lair:3   | Reached ***** piety under Hepliaklqana
 12131 | Lair:3   | Reached skill level 9 in Fighting
 12615 | Lair:3   | Noticed a seven-headed hydra
 12620 | Lair:3   | Killed a seven-headed hydra
 13028 | Lair:4   | Gained mutation: You are mostly covered in yellow scales.
                  | (AC +3) [demonic ancestry]
 13028 | Lair:4   | Reached XP level 13. HP: 89/90 MP: 19/19
 13231 | Lair:4   | Demolished by an elephant

Illustrated notes

Levels and vault maps discovered:
D:1:      spicycebolla_arrival_clurvy, layout_basic,
          nicolae_ecumenical_snake_handling, minmay_vboxes
D:2:      layout_basic, minmay_misc_feat_pillars
D:3:      layout_loops_corners, grunt_dithmenos_smoke_and_mirrors,
          mainiacjoe_overflow_tiny_flanked, uniq_crazy_yiuf_cottage
D:4:      layout_basic, kennysheep_little_box, nzn_wu_jian_council_hall,
          mainiacjoe_overflow_small_starburst
D:5:      layout_gridville, nicolae_overflow_crystal_walls,
          mainiacjoe_overflow_brackets, yredelemnul_altar_generic,
          nemelex_xobeh_ov_fountains_minmay, lemuel_tele_altar,
          amcnicky_altar_gilded
D:6:      layout_loops_ring, nicolae_hepliaklqana_hippocampus,
          minmay_temple_entry_enclosed_plants, serial_shops,
          nicolae_shop_bloodbath_and_beyond, shop, shop, shop, shop,
          nrook_mini_backslash, kennysheep_nub, kennysheep_generic_room_7,
          uniq_blork_the_orc, uniq_sigmund
D:7:      layout_loops_cross, grunt_temple_overflow_open, eino_jars
D:8:      layout_basic
D:9:      layout_irregular_city, lemuel_mausoleum_altar_kikubaaqudgha,
          hellmonk_lair_entry_icy, hex_large
D:10:     layout_cave_pools, enter_bailey_3, minmay_misc_feat_doors,
          minmay_misc_feat_alley, nicolae_transmutations_shop,
          minmay_tree_intersection, minmay_misc_feat_enclosed
Temple:   hellmonk_temple_two_chambers
Lair:1:   layout_chaotic_city, enter_volcano_2, nzn_masters_of_martial_movement,
          grunt_megastairs_3, lemuel_fruit_fields, infiniplex_staircase_pool_2
Lair:2:   layout_cave_pods, minmay_shoals_entry_lonely_mermaid,
          spider_nest_entry_a
Lair:3:   layout_cellular_growth, chequers_serial_rivers_micro_a,
          lemuel_fruit_tree
Lair:4:   layout_cave_pods

Skill      XL: |  1  2  3  4  5  6  7  8  9 10 11 12 |
---------------+-------------------------------------+-----
Axes           | 2 3 4 |  4.8
Dodging        | 2 3 4 5 6 7 8 |  8.1
Armour         | 1 2 3 4 5 6 7 |  7.9
Evocations     | 1 2 3 4 5 6 7 8 |  8.4
Throwing       | 1 2 3 4 5 6 7 |  7.7
Stealth        | 5 |  5.0
Fighting       | 4 5 6 7 8 9 |  9.2
Shields        | 1 3 4 5 6 |  6.5
Invocations    | 1 4 5 7 8 |  8.0
Polearms       | 3 4 |  4.8

Action                   |  1- 3 |  4- 6 |  7- 9 | 10-12 | 13-15 || total
-------------------------+-------+-------+-------+-------+-------++-------
Melee: Hand axe          |   133 |    42 |       |       |       ||   175
       Touch             |       |    17 |       |       |       ||    17
       Flail             |       |    20 |       |       |       ||    20
       Quarterstaff      |       |    89 |   103 |       |       ||   192
       Trident           |       |       |   165 |   456 |    35 ||   656
Throw: Dart              |       |    22 |       |       |       ||    22
       Javelin           |       |       |       |    47 |       ||    47
Invok: Ancestor Life: Ba |       |       |       |     1 |       ||     1
       Recall Ancestor   |       |       |       |     3 |       ||     3
Evoke: Phial of floods   |       |       |       |     1 |       ||     1
  Use: Scroll            |       |       |       |    19 |     1 ||    20
       Potion            |       |       |       |     5 |       ||     5
 Stab: Sleeping          |    10 |    11 |    16 |     1 |       ||    38
       Confused          |       |     1 |       |       |       ||     1
       Distracted        |       |       |       |     7 |       ||     7
Armor: Leather armour    |     5 |       |       |       |       ||     5
       Ring mail         |    66 |    60 |    53 |       |       ||   179
       Steam dragon scal |       |       |    41 |    67 |       ||   108
       Plate armour      |       |       |       |   131 |       ||   131
       Chain mail        |       |       |       |   144 |    30 ||   174
Dodge: Dodged            |   106 |    77 |   158 |   186 |    19 ||   546
Block: Buckler           |       |       |    31 |       |       ||    31
       Kite shield       |       |       |       |   239 |    20 ||   259

Table legend: (Time is in decaauts)
 A = Elapsed time spent in this place.
 B = Non-inter-level travel time spent in this place.
 C = Inter-level travel time spent in this place.
 D = Time resting spent in this place.
 E = Time spent auto-exploring this place.
 F = Levels seen in this place.
 G = Mean time per level.
                   A        B        C        D        E       F      G
               +--------+--------+--------+--------+--------+-----+--------+
         Total |  13685 |  13268 |    417 |    371 |   9896 |  17 |  805.0 |
       Dungeon |   8873 |   8535 |    338 |    229 |   6428 |  10 |  887.3 |
        Temple |     21 |     21 |      0 |      0 |     11 |   1 |   21.0 |
          Lair |   3532 |   3453 |     79 |      0 |   2766 |   4 |  883.0 |
        Bailey |    573 |    573 |      0 |      0 |    328 |   1 |  573.0 |
       Volcano |    684 |    684 |      0 |    142 |    362 |   1 |  684.0 |
               +--------+--------+--------+--------+--------+-----+--------+

Top non-repeatable levels by time:
     D:3: 1139 daAuts
  Lair:3: 1114 daAuts
     D:4: 1095 daAuts
     D:6: 1021 daAuts
     D:9: 997 daAuts
  Lair:2: 990 daAuts
  Lair:1: 962 daAuts
     D:2: 865 daAuts
     D:5: 854 daAuts
     D:1: 791 daAuts
     D:7: 719 daAuts
     D:8: 700 daAuts
    D:10: 688 daAuts
 Volcano: 684 daAuts
  Bailey: 573 daAuts
